 Dungeon Crawl Stone Soup version 0.23-a0-49-gd9f7a49668 (webtiles) character file.

636 Htamos the Ducker (level 7, 0/48 HPs)
             Began as a Merfolk Skald on Aug 7, 2018.
             Succumbed to a scorpion's poison
             ... on level 6 of the Dungeon.
             The game lasted 00:11:54 (6867 turns).

Htamos the Ducker (Merfolk Skald)                   Turns: 6867, Time: 00:11:54

Health: 0/48       AC: 10    Str:  9 (12) XL:     7   Next: 50%
Magic:  10/10      EV: 11    Int: 12 (13) God:
Gold:   71         SH: 13    Dex: 10 (12) Spells: 2/10 levels left

rFire    . . .     SeeInvis .   a - +1 spear
rCold    . . .     Gourm    .   m - +2 large shield {AC+3}
rNeg     . . .     Faith    .   l - +0 ring mail
rPois    .         Spirit   .   r - +1 helmet
rElec    .         Reflect  .   (no cloak)
rCorr    .         Harm     .   (no gloves)
MR       .....                  (no boots)
Stlth    ..........             (no amulet)
HPRegen  0.16/turn              j - +3 ring of evasion
MPRegen  0.12/turn              (no ring)

@: lethally poisoned (0 -> -11)
A: change form in water, swift swim, stealthy swim, blurry vision 1, clumsy 1,
frail 1, sturdy frame 1
a: no special abilities


You were on level 6 of the Dungeon.
You were not hungry.

You visited 1 branch of the dungeon, and saw 7 of its levels.

You collected 168 gold pieces.
You spent 97 gold pieces at shops.

Inventory:

Hand Weapons
 a - a +1 spear (weapon)
Missiles
 p - 141 stones (quivered)
 w - 8 javelins
Armour
 b - a +0 leather armour
 l - a +0 ring mail (worn)
 m - a +2 large shield of protection (worn)
 q - a +0 chain mail
 r - a +1 helmet (worn)
Jewellery
 e - an uncursed amulet of faith
 j - a +3 ring of evasion (left hand)
 n - an uncursed amulet of harm {unknown}
Wands
 g - a wand of flame (15)
Scrolls
 c - a scroll of random uselessness {unknown}
 i - 2 scrolls of remove curse
 k - a scroll of fear {unknown}
 o - a scroll of enchant weapon
 v - a scroll of fog
 x - 2 scrolls of noise {unknown}
 y - a scroll of blinking {unknown}
Comestibles
 d - 15 rations


   Skills:
 + Level 4.1 Fighting
 + Level 5.5 Polearms
 - Level 0.6 Armour
 * Level 6.7 Dodging
 + Level 2.4 Shields
 - Level 2.0 Spellcasting
 + Level 4.8 Charms


You had 2 spell levels left.
You knew the following spells:

 Your Spells              Type           Power        Failure   Level  Hunger
a - Infusion              Chrm           ##..         77%         1    ##.....
b - Regeneration          Chrm/Necr      #.........   100%        3    ####...
c - Spectral Weapon       Hex/Chrm       #.......     100%        3    ####...
d - Magic Dart            Conj           #...         100%        1    ##.....

Your spell library contained the following spells:

 Spells                   Type           Power        Failure   Level  Hunger
 Conjure Flame            Conj/Fire      #.......     100%        3    ####...
 Slow                     Hex            #.......     100%        2    ###....
 Mephitic Cloud           Conj/Pois/Air  #.......     100%        3    ####...
 Blink                    Tloc           N/A          100%        2    ###....
 Call Imp                 Summ           #.......     100%        2    ###....
 Shroud of Golubria       Chrm/Tloc      #.........   99%         2    ###....
 Song of Slaying          Chrm           ##......     88%         2    ###....


Dungeon Overview and Level Annotations

Branches:
Dungeon (7/15)
 Temple: D:4-7

Altars:
Cheibriados
Ru
Uskayaw
Wu Jian

Shops:
D:5 ?

Annotations:
D:3 2 transporters, meralisa's ghost, amateur NaTm
D:5 Sigmund


Innate Abilities, Weirdness & Mutations

You revert to your normal form in water.
You are very nimble and swift while swimming.
You are very stealthy in the water. (Stealth+)
Scrolls take you a little longer to read.
You are clumsy. (Dex -2)
You are frail. (-10% HP)
Your movements are slightly less encumbered by armour. (ER -2)


Message History

Your shield and ring mail prevent you from hitting the scorpion.
The scorpion is severely wounded.
* * * LOW HITPOINT WARNING * * *
You feel sick. You block the scorpion's attack.
You hit the scorpion but do no damage.
The scorpion is severely wounded.
* * * LOW HITPOINT WARNING * * *
You feel sick. The scorpion stings you.
* * * LOW HITPOINT WARNING * * *
You barely miss the scorpion.
The scorpion is severely wounded.
* * * LOW HITPOINT WARNING * * *
You feel sick. You block the scorpion's attack.
You hit the scorpion but do no damage.
The scorpion is severely wounded.
* * * LOW HITPOINT WARNING * * *
You feel sick. You block the scorpion's attack.
You hit the scorpion.
The scorpion is severely wounded.
You die... ##........#.. ........<#. ......... $...... ..J.. .Sa

#s# #@# ###.###
###### #.....#
.....#########.....#
####...............#
###########.....#
#.....# #######


You could see a water moccasin, a scorpion, a worker ant and an ooze.

Vanquished Creatures
  A gnoll sergeant (D:6)
  3 scorpions (D:4)
  An orc priest (D:7)
  A bullfrog skeleton (D:7)
  An orc wizard (D:7)
  3 worker ants (D:4)
  2 hound skeletons
  A howler monkey zombie (D:7)
  2 gnolls (D:6)
  9 adders
  An ooze (D:1)
  An adder zombie (D:7)
  3 worms
  A dart slug (D:2)
  5 leopard geckos
  12 orcs
  4 ball pythons
  2 giant cockroaches
  11 goblins
  9 hobgoblins
  7 jackals
  2 quokkas
  11 bats
  8 frilled lizards
  9 kobolds
  10 rats
  2 fungi (D:4)
122 creatures vanquished.

Vanquished Creatures (others)
  A fungus (D:4)
1 creature vanquished.

Grand Total: 123 creatures vanquished

Notes
Turn   | Place    | Note
-------+----------+-------------------------------------------
     0 | D:1      | Htamos the Merfolk Skald began the quest for the Orb.
     0 | D:1      | Reached XP level 1. HP: 16/16 MP: 3/3
   155 | D:1      | Reached skill level 3 in Dodging
   196 | D:1      | Reached XP level 2. HP: 12/23 MP: 5/5
   770 | D:1      | Reached XP level 3. HP: 24/28 MP: 6/6
  1616 | D:2      | Reached skill level 4 in Dodging
  1616 | D:2      | Reached XP level 4. HP: 10/34 MP: 3/7
  1640 | D:2      | HP: 1/34 [poisoned by an adder]
  3311 | D:3      | Reached XP level 5. HP: 31/41 MP: 8/8
  3490 | D:3      | Found a transporter.
  3491 | D:3      | Noticed meralisa's ghost (amateur NaTm)
  3493 | D:3      | Noticed an ogre
  3497 | D:3      | Found a transporter.
  3617 | D:3      | Found a snail-covered altar of Cheibriados.
  3921 | D:3      | Learned a level 3 spell: Regeneration
  3925 | D:3      | Learned a level 3 spell: Spectral Weapon
  3972 | D:4      | Reached skill level 1 in Shields
  4150 | D:4      | Reached skill level 5 in Dodging
  4257 | D:4      | Learned a level 1 spell: Magic Dart
  4495 | D:4      | Gained mutation: You are frail. (-10% HP) [potion of mutation]
  4495 | D:4      | Gained mutation: You are clumsy. (Dex -2) [potion of mutation]
  4495 | D:4      | Gained mutation: Scrolls take you a little longer to read. [potion of mutation]
  4495 | D:4      | Gained mutation: Your movements are slightly less encumbered by armour. (ER -2) [potion of mutation]
  4499 | D:4      | Reached XP level 6. HP: 11/42 MP: 5/9
  5201 | D:4      | Found a hide-covered altar of Uskayaw.
  5435 | D:4      | Reached skill level 5 in Polearms
  5435 | D:4      | Reached skill level 6 in Dodging
  5867 | D:5      | Entered Level 5 of the Dungeon
  5880 | D:5      | Reached XP level 7. HP: 47/47 MP: 10/10
  5897 | D:5      | Found Ideyx's Magic Scroll Shoppe.
  5927 | D:5      | Bought a scroll of enchant armour for 97 gold pieces
  5947 | D:5      | Noticed Sigmund
  5993 | D:6      | Found an ornate altar of the Wu Jian Council.
  6224 | D:7      | Found a sacrificial altar of Ru.
  6866 | D:6      | HP: 1/48 [poisoned by a scorpion]
  6867 | D:6      | Succumbed to a scorpion's poison

Vault maps used:
D:1:      onia_arrival_larder, minmay_unequal
D:3:      cheibriados_altar_1, gammafunk_ghost_smash
D:4:      old_forge, eat_drink_and_be_merry_uskayaw, first_ration
D:5:      lemuel_coloured_pillars_altar, temple_statues, serial_shops, shop,
          minivault_4, uniq_crazy_yiuf_cottage, uniq_sigmund, uniq_duvessa
D:6:      nicolae_overflow_hidden_temple, trog_book, uniq_blork_the_orc
D:7:      old_standard_altar, nicolae_ru_great_annihilating_truth

Skill      XL: |  1  2  3  4  5  6  7 |
---------------+----------------------+-----
Dodging        | 3 4 5 6 |  6.7
Fighting       | 3 4 |  4.1
Polearms       | 4 5 |  5.5
Charms         | 4 |  4.8
Shields        | 1 2 |  2.4
Armour         | |  0.6
Spellcasting   | |  2.0

Action                   |  1- 3 |  4- 6 |  7- 9 || total
-------------------------+-------+-------+-------++-------
Melee: Spear             |   177 |   514 |   206 ||   897
Throw: Stone             |       |     2 |       ||     2
 Cast: Infusion          |     1 |     1 |       ||     2
Evoke: Wand              |       |     3 |     2 ||     5
  Use: Potion            |       |     4 |     6 ||    10
       Scroll            |       |     4 |     3 ||     7
 Stab: Sleeping          |     3 |       |       ||     3
       Paralysed         |       |       |     1 ||     1
  Eat: Chunk             |     2 |    14 |     1 ||    17
       Ration            |       |       |     1 ||     1
Armor: Leather armour    |    18 |       |       ||    18
       Ring mail         |    11 |   111 |    45 ||   167
Dodge: Dodged            |   100 |   122 |    74 ||   296
Block: Large shield      |       |   207 |   137 ||   344

Table legend:
 A = Spawn XP
 B = Non-spawn XP
 C = Spawn XP percentage of total XP
 D = Spawn monster count
 E = Non-spawn monster count
 F = Spawn count percentage of total count
 G = Total turns spent on level
                    A         B        C        D         E        F      G
               +---------+---------+-------+---------+---------+-------+---------
         Total |       0 |     909 |   0.0 |       0 |     120 |   0.0 |  6867
               +---------+---------+-------+---------+---------+-------+---------
           D:1 |       0 |      55 |   0.0 |       0 |      30 |   0.0 |  1449
           D:2 |       0 |      86 |   0.0 |       0 |      29 |   0.0 |  1594
           D:3 |       0 |      88 |   0.0 |       0 |      20 |   0.0 |   901
           D:4 |       0 |     377 |   0.0 |       0 |      20 |   0.0 |  1923
           D:5 |       0 |      19 |   0.0 |       0 |       1 |   0.0 |    99
           D:6 |       0 |     123 |   0.0 |       0 |       6 |   0.0 |   517
           D:7 |       0 |     161 |   0.0 |       0 |      14 |   0.0 |   384
               +---------+---------+-------+---------+---------+-------+---------
